 Dungeon Crawl Stone Soup version 0.23.1-38-g628c18f423 (webtiles) character file.

Game seed: 17921997509412197246

65 PentaManta the Vandal (level 4, -4/31 HPs)
             Began as a Halfling Hunter on Mar 29, 2019.
             Slain by Sigmund
             ... wielding a +0 scythe
              (10 damage)
             ... on level 2 of the Dungeon.
             The game lasted 00:01:46 (1042 turns).

PentaManta the Vandal (Halfling Hunter)             Turns: 1042, Time: 00:01:46

Health: -4/31      AC:  3    Str: 14    XL:     4   Next: 34%
Magic:  4/4        EV: 14    Int:  9    God:
Gold:   62         SH:  0    Dex: 14    Spells: 3/3 levels left

rFire    . . .     SeeInvis .   a - +1 hunting sling
rCold    . . .     Gourm    .   (shield restricted)
rNeg     . . .     Faith    .   c - +0 leather armour
rPois    .         Spirit   .   (no helmet)
rElec    .         Reflect  .   (no cloak)
rCorr    .         Harm     .   (no gloves)
MR       .....                  (no boots)
Stlth    +.........             (no amulet)
HPRegen  0.10/turn              (no ring)
MPRegen  0.09/turn              (no ring)

@: no status effects
A: small, mutation resistance 1
a: no special abilities


You were on level 2 of the Dungeon.
You were not hungry.

You visited 1 branch of the dungeon, and saw 2 of its levels.

You collected 62 gold pieces.

Inventory:

Hand Weapons
 a - a +1 hunting sling (weapon)
 b - a +0 short sword
 k - a +2 dagger of venom
Missiles
 e - 30 stones (quivered)
Armour
 c - a +0 leather armour (worn)
Scrolls
 g - 4 scrolls of identify {unknown}
 l - a scroll of teleportation {unknown}
Potions
 h - a potion of flight {unknown}
 i - a potion of curing {unknown}
 j - a potion of invisibility {unknown}
Comestibles
 f - 4 rations


   Skills:
 + Level 3.0 Fighting
 + Level 7.0 Slings
 - Level 2.1 Dodging
 - Level 1.1 Stealth


You had 3 spell levels left.
You didn't know any spells.
Your spell library was empty.

Dungeon Overview and Level Annotations

Branches:
Dungeon (2/15)

Altars:
Vehumet

Annotations:
D:2 Sigmund


Innate Abilities, Weirdness & Mutations

You are small and have problems with some larger weapons.
You are somewhat resistant to further mutation.


Message History

Press: ? - help, Shift-Dir - straight line, f/p - Sigmund
Aim: Sigmund, wielding a +0 scythe and wearing a +1 robe of the Archmagi (severely wounded)
You shoot a stone.
The stone hits Sigmund but does no damage.
Sigmund is severely wounded.
Firing (i - inventory)
e - 33 stones (quivered)
Press: ? - help, Shift-Dir - straight line, f/p - Sigmund
Aim: Sigmund, wielding a +0 scythe and wearing a +1 robe of the Archmagi (severely wounded)
You shoot a stone. The stone barely misses Sigmund.
Sigmund barely misses you.
Firing (i - inventory)
e - 32 stones (quivered)
Press: ? - help, Shift-Dir - straight line, f/p - Sigmund
Aim: Sigmund, wielding a +0 scythe and wearing a +1 robe of the Archmagi (severely wounded)
You shoot a stone. The stone hits Sigmund!
Sigmund is almost dead.
Firing (i - inventory)
e - 31 stones (quivered)
Press: ? - help, Shift-Dir - straight line, f/p - Sigmund
Aim: Sigmund, wielding a +0 scythe and wearing a +1 robe of the Archmagi (almost dead)
You shoot a stone. The stone barely misses Sigmund.
Sigmund hits you from afar with a +0 scythe!
You die...

#####...#####.########.
#...# #..# #.
##...######.#######'
#.........#.........
####...).....##........
.............##........
###..........##........
#..........##........
#...@......##........
#..........##........
#..@)......###.#####'
#.(.(......# #.# #.
...(........# #.## #.
..(.(..####### #..# #.
#....((.# ##.# #.
...(..((# #.## #. #..#
#.


You could see Sigmund.

Vanquished Creatures
  2 adders (D:2)
  2 oozes
  7 bats (D:1)
  3 giant cockroaches
  4 goblins
  6 hobgoblins
  2 ball pythons
  A frilled lizard (D:2)
  7 kobolds
  5 rats (D:1)
39 creatures vanquished.

Vanquished Creatures (others)
  An orc (D:2)
1 creature vanquished.

Grand Total: 40 creatures vanquished

Notes
Turn   | Place    | Note
-------+----------+-------------------------------------------
     0 | D:1      | PentaManta the Halfling Hunter began the quest for the Orb.
     0 | D:1      | Reached XP level 1. HP: 14/14 MP: 1/1
    27 | D:1      | Reached skill level 6 in Slings
    38 | D:1      | Reached XP level 2. HP: 19/19 MP: 2/2
   278 | D:1      | Reached XP level 3. HP: 25/25 MP: 3/3
   753 | D:2      | Reached XP level 4. HP: 27/30 MP: 4/4
   807 | D:2      | Reached skill level 7 in Slings
   970 | D:2      | Found a radiant altar of Vehumet.
  1016 | D:2      | Noticed Sigmund
  1042 | D:2      | Slain by Sigmund

Skill      XL: |  1  2  3  4 |
---------------+-------------+-----
Fighting       | 2 3 |  3.0
Slings         | 6 7 |  7.0
Dodging        | |  2.1
Stealth        | |  1.1

Action                   |  1- 3 |  4- 6 || total
-------------------------+-------+-------++-------
 Fire: Hunting sling     |    87 |    46 ||   133
Armor: Leather armour    |     6 |       ||     6
Dodge: Dodged            |    16 |     9 ||    25
